 Dungeon Crawl Stone Soup version 0.28.0-53-g5a82cb258f (webtiles) character file.

Game seed: 10101837760434131848

977 MiltankisOP the Ducker (level 8, -7/52 HPs)
             Began as an Octopode Monk on July 13, 2022.
             Mangled by Harold
             ... wielding a +0 battleaxe
              (22 damage)
             ... on level 7 of the Dungeon.
             The game lasted 00:08:00 (5771 turns).

MiltankisOP the Ducker (Octopode Monk)              Turns: 5771, Time: 00:08:00

Health: -7/52      AC:  1    Str: 11    XL:     8   Next: 17%
Magic:  8/8        EV: 16    Int: 12    God:
Gold:   180        SH:  0    Dex: 16    Spells: 7/7 levels left

rFire   . . .      SeeInvis .     - Unarmed
rCold   . . .      Faith    .   (no shield)
rNeg    . . .      Spirit   .   (helmet restricted)
rPois   .          Reflect  .   (no amulet)
rElec   .          Harm     .   (no ring)
rCorr   .          Rampage  .   (no ring)
Will    .....                   (no ring)
Stlth   +++.......              (no ring)
HPRegen 0.17/turn               (no ring)
MPRegen 0.11/turn               (no ring)
                                (no ring)
                                (no ring)

@: marked
A: almost no armour, amphibious, 8 rings, camouflage 1, gelatinous body 1,
(nimble swimmer 1), tentacles
a: no special abilities


You were on level 7 of the Dungeon.
You visited 1 branch of the dungeon, and saw 7 of its levels.
You also visited: Sewer.

You collected 180 gold pieces.

Inventory:

Jewellery
 f - a ring of ice
 h - an amulet of magic regeneration
 o - a ring of wizardry
Wands
 s - a wand of flame (42)
Scrolls
 a - 3 scrolls of fear {unknown}
 d - a scroll of immolation {unknown}
 e - 2 scrolls of fog {unknown}
 j - 2 scrolls of teleportation {unknown}
 k - 2 scrolls of magic mapping {unknown}
 p - a scroll of brand weapon {unknown}
 q - a scroll of acquirement {unknown}
 r - 2 scrolls of identify
 t - a scroll of vulnerability {unknown}
Potions
 b - 2 potions of resistance
 c - 2 potions of heal wounds {unknown}
 g - a potion of curing
 i - 2 potions of cancellation {unknown}
 l - a potion of mutation {unknown}
 m - 3 potions of brilliance {unknown}
 n - a potion of haste {unknown}


   Skills:
 - Level 3.0 Fighting
 + Level 7.1 Dodging
 - Level 2.6 Stealth
 + Level 7.1 Unarmed Combat


You had 7 spell levels left.
You didn't know any spells.
Your spell library contained the following spells:

 Spells                   Type           Power      Damage    Failure   Level
 Tukima's Dance           Hex            0%         N/A       69%         3
 Animate Dead             Necr           0%         N/A       97%         4
 Olgreb's Toxic Radiance  Pois           0%         N/A       97%         4
 Passage of Golubria      Tloc           0%         N/A       97%         4
 Yara's Violent Unravell  Hex/Tmut       0%         3d3       100%        5
 Haunt                    Necr/Summ      0%         N/A       100%        7
 Ozocubu's Refrigeration  Ice            0%         4d5       100%        7
 Ignition                 Fire           0%         3d3       100%        8
 Infestation              Necr           0%         N/A       100%        8


Dungeon Overview and Level Annotations

Branches:
Dungeon (7/15)              Sewer (visited)
 Temple: D:4-7

Altars:
Nemelex Xobeh
Okawaru
Trog

Shops:
D:2 (

Annotations:
D:5 Eustachio
D:7 Harold


Innate Abilities, Weirdness & Mutations

You cannot wear most types of armour.
You are amphibious.
You can wear up to eight rings at the same time.
Your skin changes colour to match your surroundings (Stealth+).
Your rubbery body absorbs attacks. (AC +1, EV +1)
((You are camouflaged when in or above water. (Stealth+)))
You have tentacles for arms and can constrict up to eight enemies at once.


Message History

Harold and a wyvern skeleton come into view.
Harold is wielding a +0 battleaxe and wearing a +2 scale mail of fire resistance.
Found 11 gold pieces.
The helpless Harold fails to defend himself.
You bludgeon Harold! You grab Harold. You squeeze Harold!
Harold is lightly wounded.
You constrict Harold.
You tentacle-slap Harold but do no damage.
Harold is moderately wounded.
You constrict Harold. Harold hits you with a +0 battleaxe!
You tentacle-slap Harold but do no damage.
You squeeze Harold!
Harold is moderately wounded.
You constrict Harold.
Harold says, "I was hoping my final job would be more of a challenge, but money is money."
Harold hits you with a +0 battleaxe!
You tentacle-slap Harold but do no damage.
You squeeze Harold!
Harold is heavily wounded.
You constrict Harold, but do no damage. Harold closely misses you.
You tentacle-slap Harold. You squeeze Harold!
Harold is severely wounded.
You constrict Harold, but do no damage. Harold closely misses you.
You tentacle-slap Harold.
Harold is severely wounded.
You constrict Harold.
You tentacle-slap Harold but do no damage.
Harold is severely wounded.
You constrict Harold. Harold hits you with a +0 battleaxe!
* * * LOW HITPOINT WARNING * * *
You feel better.
You constrict Harold, but do no damage.
Harold points at you and mumbles some strange words.
A sentinel's mark forms upon you.
You tentacle-slap Harold but do no damage.
You squeeze Harold.
Harold is almost dead.
You constrict Harold.
Harold pauses a moment, imagining something with a smile on his face.
Harold hits you with a +0 battleaxe!!
You die...

#######
#.<...#
####.†...#
#........#
#.##.....#
#.##.....#
#.########
#.########
#.@@Z$...#
#..#####.#
....#
.......
...#.##.##
#. #. #.#
. .. #..
#. ###


You could see Harold and a wyvern skeleton.

Vanquished Creatures
  A black bear (D:4)
  A phantom (D:5)
  4 kobold brigands (Sewer)
  A bullfrog (D:7)
  2 water moccasin skeletons
  A jelly (D:4)
  A centaur skeleton (D:5)
  2 orc priests (D:4)
  2 iguanas
  Robin (D:2)
  7 adders
  3 river rats
  A dart slug (D:2)
  8 orcs
  8 ball pythons
  4 endoplasms
  5 giant cockroaches
  10 goblins
  7 hobgoblins
  4 jackals (D:1)
  10 kobolds
  2 quokkas (D:3)
  4 bats
  4 frilled lizards
  A jackal skeleton (D:4)
  10 rats
104 creatures vanquished.

Notes
Turn   | Place    | Note
-------+----------+-------------------------------------------
     0 | D:1      | MiltankisOP the Octopode Monk began the quest for the Orb.
     0 | D:1      | Reached XP level 1. HP: 16/16 MP: 1/1
   245 | D:1      | Reached XP level 2. HP: 21/21 MP: 2/2
   942 | D:2      | Found Haexzeih's Weapon Shoppe.
   951 | D:2      | Reached XP level 3. HP: 26/26 MP: 3/3
  1169 | D:2      | Noticed Robin
  1435 | D:2      | Killed Robin
  1436 | D:2      | Reached XP level 4. HP: 11/31 MP: 4/4
  2482 | D:3      | Reached XP level 5. HP: 28/36 MP: 5/5
  2858 | D:3      | Found a glowing drain.
  2870 | Sewer    | Entered a sewer
  3047 | Sewer    | Noticed a kobold brigand
  3047 | Sewer    | Noticed a kobold brigand
  3054 | Sewer    | Killed a kobold brigand
  3055 | Sewer    | Reached skill level 5 in Dodging
  3055 | Sewer    | Reached skill level 5 in Unarmed Combat
  3055 | Sewer    | Reached XP level 6. HP: 30/42 MP: 6/6
  3415 | Sewer    | Reached XP level 7. HP: 39/46 MP: 7/7
  3908 | D:3      | Found an iron altar of Okawaru.
  4055 | D:3      | Found a bloodstained altar of Trog.
  4432 | D:4      | Found a sparkling altar of Nemelex Xobeh.
  5224 | D:5      | Entered Level 5 of the Dungeon
  5375 | D:5      | Reached XP level 8. HP: 33/52 MP: 8/8
  5547 | D:5      | Noticed Eustachio
  5549 | D:5      | You fall into a shaft and drop 2 floors!
  5759 | D:7      | Noticed Harold
  5771 | D:7      | Mangled by Harold

Illustrated notes

Levels and vault maps discovered:
D:1:      scummos_arrival_hexagon, layout_loops_ring, minmay_statues_item
D:2:      layout_basic, serial_shops, shop, minmay_misc_feat_diagonals,
          minmay_tetromino_o4, uniq_robin
D:3:      layout_loops_ring, marbit_many_paths, okawaru_metal_pillars_3,
          portal_sewer_entry_a, kennysheep_generic_room_2
D:4:      layout_basic, nemelex_xobeh_ov_fountains_minmay
D:5:      layout_loops_ring, mainiacjoe_overflow_small_starburst,
          minmay_misc_feat_columns, uniq_eustachio, uniq_crazy_yiuf_cottage,
          uniq_sigmund
D:6:      layout_cave_pools, nicolae_qazlal_general_emergency,
          kennysheep_little_box
D:7:      layout_loops_cross, gammafunk_temple_overflow_statue,
          minmay_temple_entry_mini_moons, serial_shops, nicolae_take_the_stairs,
          enter_ossuary_5, uniq_harold

Skill      XL: |  1  2  3  4  5  6  7  8 |
---------------+-------------------------+-----
Dodging        | 4 5 6 7 |  7.1
Unarmed Combat | 4 5 6 7 |  7.1
Fighting       | |  3.0
Stealth        | |  2.6

Action                   |  1- 3 |  4- 6 |  7- 9 || total
-------------------------+-------+-------+-------++-------
Melee: Unarmed           |    72 |   100 |    92 ||   264
       Constrict         |    14 |    25 |    16 ||    55
       Tentacles         |    10 |    25 |    22 ||    57
       Punch             |     2 |     4 |     7 ||    13
  Use: Scroll            |       |     2 |       ||     2
       Potion            |       |       |     3 ||     3
 Stab: Sleeping          |    16 |     7 |    15 ||    38
       Distracted        |       |     1 |       ||     1
Armor: Skin              |     5 |     2 |     3 ||    10
Dodge: Dodged            |    31 |    51 |    63 ||   145
